 Dungeon Crawl Stone Soup version 0.18-a0-1702-gd20c6a5 (webtiles) character file.

240 xeno23 the Sneak (level 5, 0/39 HPs)
             Began as a Vampire Assassin on Apr 5, 2016.
             Slain by Purgy (4 damage)
             ... in a sewer on Apr 6, 2016.
             The game lasted 00:20:55 (2146 turns).

xeno23 the Sneak (Vampire Assassin)                 Turns: 2146, Time: 00:20:55

Health: 0/39       AC:  3    Str: 10    XL:     5   Next: 80%
Magic:  4/4        EV: 13    Int: 11    God:
Gold:   135        SH:  0    Dex: 17    Spells: 0 memorised, 4 levels left

rFire  . . .     SeeInvis +     b - +0 blowgun
rCold  . . .     Gourm    .     c - +0 robe
rNeg   . . .     Faith    .     (no shield)
rPois  .         Spirit   .     (no helmet)
rElec  .         Dismiss  .     d - +0 cloak
rCorr  .         Reflect  .     (no gloves)
SustAt +         Harm     .     (no boots)
MR     .....     Rnd*Rage +     (no amulet)
Stlth  ++........               (no ring)
                                l - ring of sustain attributes

@: regenerating very quickly, not resistant to hostile enchantments, unstealthy
A: fangs 3, see invisible, berserk 1, dopey 1, low mp 1, unbreathing
a: no special abilities


You were in a sewer.
You were almost alive.

You visited 1 branch of the dungeon, and saw 3 of its levels.
You also visited: Sewer.

You collected 135 gold pieces.

Inventory:

Hand Weapons
 a - a +2 dagger
 b - a +0 blowgun (weapon)
Missiles
 e - 8 poisoned needles (quivered)
Armour
 c - a +0 robe (worn)
 d - a +0 cloak (worn)
Jewellery
 l - a ring of sustain attributes (left hand)
Potions
 g - 10 potions of blood
 i - a potion of might {unknown}
 j - a potion of mutation
 m - a potion of curing {unknown}
 o - a potion of cancellation {unknown}
Comestibles
 h - 3 fruits


   Skills:
 + Level 2.5 Fighting
 * Level 4.5 Short Blades
 + Level 2.5 Throwing
 + Level 2.1 Dodging
 + Level 7.1 Stealth


You had 4 spell levels left.
You didn't know any spells.

Dungeon Overview and Level Annotations

Branches:
Dungeon (3/15)

Altars:
Cheibriados
Dithmenos
Elyvilon
Makhleb
Yredelemnul

Annotations:
Sewer Purgy


Innate Abilities, Weirdness & Mutations

Your natural rate of healing is extremely fast.
You have razor-sharp teeth.
You have supernaturally acute eyesight.
You can survive without breathing.
You tend to lose your temper in combat.
You are dopey. (Int -2)
Your magical capacity is low (-10% MP).


Message History

Firing (i - inventory. (,) - cycle):
f - 2 curare-tipped needles (quivered)
Press: ? - help, Shift-Dir - straight line, f - Purgy
Aim: Purgy You shoot a curare-tipped needle.
The curare-tipped needle barely misses Purgy.
Purgy bites you.
* * * LOW HITPOINT WARNING * * *
Purgy closely misses you. Purgy barely misses you.
You take 6 damage.
Firing (i - inventory. (,) - cycle):
f - a curare-tipped needle (quivered)
Press: ? - help, Shift-Dir - straight line, f/p - Purgy
Aim: Purgy You shoot a curare-tipped needle.
The curare-tipped needle hits Purgy.
Purgy is poisoned.
Purgy convulses.
Purgy seems to slow down.
Purgy is lightly wounded.
You hear a splash.
You enter the shallow water.
Moving in this stuff is going to be slow.
Purgy bites you.
You die...

?≈? ##≈≈≈≈≈≈≈≈# #≈#
##≈≈≈≈≈≈≈≈≈# #.#
#.≈≈≈≈≈≈≈≈≈# #.#
##≈≈≈≈≈≈≈≈≈≈# #.#
#≈≈≈≈≈≈≈≈≈≈≈# #≈#
#≈≈≈≈≈≈≈≈≈≈≈# #≈###
###≈≈≈≈≈≈≈≈≈≈≈#
≈≈.###≈#.###≈≈≈≈≈≈≈≈≈≈≈≈#
≈≈≈≈≈≈≈≈≈≈#T@≈≈≈≈≈≈≈≈≈≈≈#
≈≈≈≈≈≈≈≈≈≈(.≈≈≈≈≈≈≈≈≈≈###
≈≈≈≈≈≈≈≈≈≈≈≈≈≈≈≈≈≈≈≈≈≈#
≈≈≈≈≈≈≈≈≈≈≈≈≈≈≈≈≈≈≈≈≈##
≈≈≈≈≈≈≈≈≈≈≈≈≈≈≈≈≈≈≈≈≈#
≈≈≈≈≈≈≈≈≈≈≈≈≈≈≈≈≈≈≈≈##
≈≈≈≈≈≈≈≈≈≈≈≈≈≈≈≈≈≈≈##
≈≈≈≈≈≈≈≈≈≈≈≈≈≈≈≈≈##
≈≈#≈≈≈≈#≈≈≈#≈≈#


You could see Purgy.

Vanquished Creatures
  An orc priest (D:3)
  An iguana (D:3)
  Ijyb (D:3)
  An orc wizard (D:3)
  6 adders
  An ooze (D:3)
  A worm (D:2)
  4 giant geckos
  4 orcs (D:3)
  8 bats
  6 giant cockroaches
  3 goblins
  4 hobgoblins
  6 jackals (D:1)
  5 kobolds
  A quokka (D:3)
  5 giant newts
  11 rats
  A spectral orc (D:2)
70 creatures vanquished.

Notes
Turn   | Place    | Note
--------------------------------------------------------------
     0 | D:1      | xeno23 the Vampire Assassin began the quest for the Orb.
     0 | D:1      | Reached XP level 1. HP: 16/16 MP: 1/1
    10 | D:1      | Reached skill level 6 in Stealth
    65 | D:1      | Reached XP level 2. HP: 13/22 MP: 2/2
   108 | D:1      | HP: 1/22 [giant gecko (3)]
   505 | D:1      | Reached XP level 3. HP: 24/27 MP: 3/3
   714 | D:2      | Found a white marble altar of Elyvilon.
  1041 | D:2      | Found a burning altar of Makhleb.
  1452 | D:2      | Reached XP level 4. HP: 20/33 MP: 4/4
  1455 | D:2      | Found a basalt altar of Yredelemnul.
  1747 | D:3      | Reached XP level 5. HP: 5/39 MP: 5/5
  1784 | D:3      | Upgraded the game from 0.18-a0-1692-g516f9e9 to 0.18-a0-1702-gd20c6a5
  1834 | D:3      | Found a shadowy altar of Dithmenos.
  1942 | D:3      | Noticed Ijyb
  1949 | D:3      | Killed Ijyb
  1949 | D:3      | Reached skill level 7 in Stealth
  1953 | D:3      | Found a snail-covered altar of Cheibriados.
  2050 | D:3      | Found a glowing drain.
  2063 | Sewer    | Entered a sewer
  2064 | Sewer    | Gained mutation: You tend to lose your temper in combat. [potion of mutation]
  2064 | Sewer    | Gained mutation: Your magical capacity is low (-10% MP). [potion of mutation]
  2064 | Sewer    | Gained mutation: You are dopey. (Int -2) [potion of mutation]
  2137 | Sewer    | Noticed Purgy
  2146 | Sewer    | Slain by Purgy

Vault maps used:
D:1:      mrwooster_arrival_statue_2, minivault_25
D:2:      wad_pebble_path, elyvilon_altar_4,
          yredelemnul_forgotten_temple_becter, lemuel_crystal_altar,
          first_bread, st_stairs_7
D:3:      lemuel_coloured_pillars_altar, grunt_dithmenos_smoke_and_mirrors,
          portal_sewer_entry_f, minmay_statues_item, minmay_misc_feat_enclosed,
          uniq_iyjb
Sewer:    sewer_co_purgy_island

Skill      XL: |  1  2  3  4  5 |
---------------+----------------+-----
Stealth        | 6 7 |  7.1
Short Blades   | 3 4 |  4.5
Fighting       | 2 |  2.5
Throwing       | 2 |  2.5
Dodging        | 2 |  2.1

Action                   |  1- 3 |  4- 6 || total
-------------------------+-------+-------++-------
Melee: Dagger            |   163 |    87 ||   250
       Unarmed           |    65 |       ||    65
 Fire: Blowgun           |       |     2 ||     2
 Abil: Bat Form          |     2 |       ||     2
       End Transformatio |     1 |     1 ||     2
  Use: Potion            |       |     8 ||     8
       Scroll            |       |     3 ||     3
 Stab: Sleeping          |    13 |     7 ||    20
  Eat: Corpse            |     5 |     3 ||     8
